[Event "Early-Titled-Tuesday-Blitz-March-26-2024"]
[Site "Chess.com"]
[Date "2024.03.26"]
[Round "4"]
[White "Pedrada88"]
[Black "Incognito_Knight"]
[Result "1-0"]
[WhiteElo "2552"]
[BlackElo "2713"]
[TimeControl "180+1"]
[EndTime "8:38:36 PDT"]
[Termination "Pedrada88 won on time"]

1. g3 d5 2. Bg2 e5 3. d3 Nc6 4. c4 dxc4 5. dxc4 Qxd1+ 6. Kxd1 Be6 7. Nd2 O-O-O 8. Bxc6 bxc6 9. b3 Bc5 10. e3 Nf6 11. Nf3 Ne4 12. Ke2 Nc3+ 13. Ke1 f6 14. Bb2 e4 15.
Nd4 Rxd4 16. exd4 Bxd4 17. Nxe4 Nxe4 18. Bxd4 Bg4 19. h3 Bf3 20. Rh2 Rd8 21. Be3 h5 22. Kf1 g5 23. Re1 Kb7 24. h4 g4 25. Bf4 f5 26.
Kg1 Rd3 27. Rh1 Bxh1 28. Kxh1 Nxf2+ 29. Kg2 Ne4 30. Rf1 c5 31. Be5 Rd2+ 32. Kg1 Rxa2 33.
Rxf5 Nd2 34. Rxh5 Nf3+ 35. Kf1 Ra3 36. Rf5 Rxb3 37. h5 Rb6 38. Bf4 Re6 39. h6 Nd4 40.
Rxc5 Nc6 41. Rb5+ Ka6 42. h7 Re8 43. Rc5 Kb7 44. Rh5 Rh8 45. Bg5 Nd4 46. Bf6 1-0

[Event "Early-Titled-Tuesday-Blitz-March-26-2024"]
[Site "Chess.com"]
[Date "2024.03.26"]
[Round "4"]
[White "AwareIdea"]
[Black "reevecanada"]
[Result "0-1"]
[WhiteElo "2503"]
[BlackElo "2676"]
[TimeControl "180+1"]
[EndTime "8:38:37 PDT"]
[Termination "reevecanada won on time"]

1. d4 Nf6 2. Bf4 d6 3. e3 Nbd7 4. Nc3 g6 5. h4 Bg7 6. Nf3 O-O 7. Bc4 b6 8. Nd5 Bb7 9. Nxf6+ Nxf6 10. Bg5 h6 11. Bxf6 Bxf6 12. c3 Kg7 13. Qe2 c5 14.
O-O-O Qc7 15. Ba6 Be4 16. Bd3 Bd5 17. Kb1 cxd4 18. exd4 Rfc8 19. Be4 Bc4 20. Qe3 d5 21. Bc2 a5 22. h5 g5 23. Ne5 a4 24. f4 b5 25. a3 Bb3 26. g3 Qd6 27. Nd3 Rc4 28.
fxg5 Bxg5 29. Qf3 Rxc3 30. bxc3 Qxa3 31. Nb4 Rc8 32. Rd3 Bxc2+ 33. Nxc2 Qb3+ 34. Ka1 Qxc2 35. Rb1 a3 36. Qd1 Qf2 37. Rxb5 Bf6 38. Rb3 Kf8 39. Rxa3 Rb8 40. Ra2 Qf5 41. Rb2 Ra8+ 42. Kb1 Rc8 43. Ka1 Ra8+ 44. Kb1 Rc8 45. Kc2 Bxd4 46. Rb5 Rxc3+ 47.
Kb1 Rxd3 0-1

[Event "Early-Titled-Tuesday-Blitz-March-26-2024"]
[Site "Chess.com"]
[Date "2024.03.26"]
[Round "4"]
[White "BallottiLuca"]
[Black "JosefineHeinemann"]
[Result "0-1"]
[WhiteElo "2360"]
[BlackElo "2515"]
[TimeControl "180+1"]
[EndTime "8:38:37 PDT"]
[Termination "JosefineHeinemann won on time"]

1. d4 Nf6 2. c4 e6 3. Nf3 d5 4. Nc3 c5 5. cxd5 Nxd5 6. e4 Nxc3 7.
bxc3 cxd4 8. cxd4 Bb4+ 9. Bd2 Bxd2+ 10. Qxd2 O-O 11. Bc4 Nd7 12. O-O b6 13. Rfe1 Bb7 14. Rad1 Rc8 15. Bb3 Re8 16. h3 Qc7 17. Qg5 h6 18. Qh4 Nf6 19. Ne5 b5 20. f3 a5 21.
a4 b4 22. Nc4 Ba6 23. Rc1 Bxc4 24. Rxc4 Qd7 25. Rec1 Rxc4 26. Rxc4 Rc8 27. Rxc8+ Qxc8 28. Qe1 Kf8 29. Kh2 Qc7+ 30. e5 Ne8 31. d5 exd5 32. Bxd5 Qc5 33. Qe4 Nc7 34. Bc4 Ke7 35. f4 g6 36. f5 gxf5 37. Qh4+ Ke8 38. Qxh6 Qxc4 39. Qh8+ Kd7 40. Qf6 Qe6 41. Qg7 Ne8 42. Qf8 Qxe5+ 43.
Kh1 Qe7 44. Qh6 Nf6 45. Qd2+ Qd6 46. Qe2 Ne4 47. Qb5+ Ke7 48. h4 Qd1+ 49. Kh2 Qd6+ 50. Kh1 Kf6 0-1

[Event "Early-Titled-Tuesday-Blitz-March-26-2024"]
[Site "Chess.com"]
[Date "2024.03.26"]
[Round "4"]
[White "BozeKat"]
[Black "dealshark"]
[Result "1-0"]
[WhiteElo "2081"]
[BlackElo "2293"]
[TimeControl "180+1"]
[EndTime "8:38:37 PDT"]
[Termination "BozeKat won by resignation"]

1. d4 Nf6 2. Bg5 d5 3. Bxf6 exf6 4. e3 Bd6 5. g3 Nd7 6. Bg2 c6 7. Nd2 f5 8. c4 dxc4 9. Nxc4 Bb4+ 10. Nd2 Nf6 11. Nf3 O-O 12. O-O Bd6 13. Nc4 Bc7 14. b4 Be6 15. Nfe5 Bd5 16. Rc1 Bxg2 17. Kxg2 Ne4 18. f3 Nf6 19. Qd3 g6 20. Rfd1 Re8 21.
a4 Qe7 22. b5 cxb5 23. axb5 Rad8 24. Qb3 Nd5 25. Kf2 h5 26. Ra1 Bb8 27. b6 a6 28.
Ra5 h4 29. f4 Kg7 30. Nd2 Nf6 31. Kg2 Rh8 32. Rc5 hxg3 33. hxg3 Bxe5 34. fxe5 Ng4 35.
Nf3 Rc8 36. Rdc1 Qd7 37. Rc7 Rxc7 38. Rxc7 Qe8 39. e6 Rf8 40. Ng5 Kh6 41. Nxf7+ Rxf7 42. Rxf7 Qc6+ 43. d5 Qc5 44. Qb2 Nxe3+ 45. Kh3 Qc8 46.
Qg7+ Kg5 47. Qh7 Qc4 48. Qh4+ Qxh4+ 49. gxh4+ Kf4 50. e7 Nxd5 51. e8=Q 1-0

[Event "Early-Titled-Tuesday-Blitz-March-26-2024"]
[Site "Chess.com"]
[Date "2024.03.26"]
[Round "4"]
[White "Vahe_Danielyan"]
[Black "vlad10898"]
[Result "0-1"]
[WhiteElo "2642"]
[BlackElo "2891"]
[TimeControl "180+1"]
[EndTime "8:38:40 PDT"]
[Termination "vlad10898 won on time"]

1. e4 c5 2. Nc3 a6 3. g3 b5 4. Bg2 Bb7 5. Nge2 e6 6. d4 cxd4 7. Nxd4 b4 8. Na4 Nf6 9. Qe2 Nc6 10. Be3 Be7 11. O-O O-O 12. Rfd1 Qc7 13. Rac1 Ne5 14. c3 Qa5 15. b3 bxc3 16. Bf4 Rac8 17. Nxc3 Ba3 18.
Rc2 d6 19. Bd2 Bb4 20. Rdc1 Rc5 21. Na4 Rxc2 22. Rxc2 Bxd2 23. Rxd2 Bxe4 24. f4 Bxg2 25. Kxg2 Ned7 26. Nc6 Qc7 27. Qxa6 Ne4 28. Rc2 Ndc5 29. Nxc5 Nxc5 30. Qb5 Qd7 31. b4 Ne4 32. a4 e5 33. Qd5 Nf6 34. Qc4 d5 35. Qc5 exf4 36.
Ne7+ Kh8 37. Ng6+ hxg6 38. Qxf8+ Kh7 39. Rc8 g5 40. Qh8+ Kg6 41. Qh3 g4 42. Qh8 f3+ 43. Kf2 Ne4+ 44. Ke3 Qa7+ 45. Kf4 f2 46. Kxg4 Qd7+ 0-1

[Event "Early-Titled-Tuesday-Blitz-March-26-2024"]
[Site "Chess.com"]
[Date "2024.03.26"]
[Round "4"]
[White "ChristianArca"]
[Black "FairChess_on_YouTube"]
[Result "0-1"]
[WhiteElo "2671"]
[BlackElo "3124"]
[TimeControl "180+1"]
[EndTime "8:38:40 PDT"]
[Termination "FairChess_on_YouTube won by resignation"]

1. d4 Nf6 2. Nf3 e6 3. g3 b5 4. Bg2 Bb7 5. O-O c5 6. a4 b4 7.
c4 bxc3 8. Nxc3 Na6 9. Nb5 Be7 10.
dxc5 O-O 11. Nd6 Bd5 12. Be3 Qb8 13. Rc1 Qxb2 14. Bd4 Qb8 15. Rb1 Qc7 16. Rc1 Nb4 17.
Rb1 a5 18. Re1 Ne4 19. Nxe4 Bxe4 20. Rc1 Qb7 21. Qd2 Rfc8 22. Red1 Bf8 23. h4 h6 24. h5 Bc6 25. Ra1 Rab8 26. Qf4 Nd5 27. Qg4 Qb4 28. Rdb1 Qxb1+ 29. Rxb1 Rxb1+ 30. Kh2 Rb4 31.
e4 Nc7 32. Qf4 Rxa4 33. g4 Nb5 34. Be5 Rxe4 35. Qg3 f6 36. Bb2 Rb4 37. Bc1 Bxc5 38. g5 Bd6 39. Ne5 Bxe5 40. f4 fxg5 41. fxe5 Bxg2 42.
Bxg5 Rc2 43. Bxh6 Be4+ 44. Kh3 Bf5+ 0-1

[Event "Early-Titled-Tuesday-Blitz-March-26-2024"]
[Site "Chess.com"]
[Date "2024.03.26"]
[Round "4"]
[White "KarstenHansch"]
[Black "Aleksandar-Topalov"]
[Result "1/2-1/2"]
[WhiteElo "2494"]
[BlackElo "2342"]
[TimeControl "180+1"]
[EndTime "8:38:40 PDT"]
[Termination "Game drawn by repetition"]

1. e4 e6 2. d4 d5 3. e5 Ne7 4.
Nf3 Qd7 5. Bd3 b6 6. Qe2 a5 7. Nc3 Ba6 8. Nb5 Ng6 9. a4 c6 10. Nc3 Bxd3 11. Qxd3 Na6 12. h4 Nb4 13. Qe2 h5 14.
O-O Ne7 15. Nd1 c5 16. c3 Nbc6 17. Be3 Nf5 18. Qb5 cxd4 19. Bxd4 Ncxd4 20. Nxd4 Qxb5 21. Nxb5 Rc8 22. g3 Bc5 23. Kg2 Ke7 24. b3 Rhd8 25.
Nb2 d4 26. c4 d3 27. Nd1 d2 28. Ndc3 Nd4 29. Rab1 Nxb5 30. axb5 Rd3 31. Ne4 Bb4 32. Rfd1 Rcd8 33. Kf1 f5 34. exf6+ gxf6 35. Ke2 f5 36. Ng5 e5 37. Rb2 e4 38. Nh3 Rf3 39. Ng1 Rfd3 40. Nh3 Rf3 41. Ng1 Rc3 42. Nh3 Rdd3 43. Nf4 Rxb3 44.
Rc2 Rf3 45. Nd5+ Ke6 46. Nxb4 axb4 47. Rcxd2 Rbc3 48. Rd6+ Ke7 49. Rd7+ Ke8 50. Rd8+ Ke7 51. R1d7+ Ke6 52. Rd6+ Ke7 53. R8d7+ Ke8 54. Rd8+ Ke7 55. R8d7+ Ke8 56. Rd8+ Ke7 1/2-1/2

[Event "Early-Titled-Tuesday-Blitz-March-26-2024"]
[Site "Chess.com"]
[Date "2024.03.26"]
[Round "4"]
[White "AsaHoffmann"]
[Black "joksijoksi"]
[Result "1-0"]
[WhiteElo "2402"]
[BlackElo "2516"]
[TimeControl "180+1"]
[EndTime "8:38:41 PDT"]
[Termination "AsaHoffmann won by resignation"]

1. d4 d5 2. Bg5 c6 3. e3 h6 4. Bh4 Nf6 5. Bd3 Qb6 6. b3 Nbd7 7. f4 e6 8. Nd2 Bb4 9. Ne2 Qa5 10. a3 Bxd2+ 11.
Qxd2 Qxd2+ 12. Kxd2 a6 13. c4 dxc4 14. bxc4 c5 15.
a4 cxd4 16. exd4 b6 17. Rhg1 Bb7 18. Rab1 g5 19. Bg3 Ke7 20. Nc3 Nh5 21. f5 Nf4 22.
fxe6 fxe6 23. Be4 Bxe4 24. Nxe4 Rac8 25. Bxf4 gxf4 26. Kd3 Rhg8 27. Rb2 Rg4 28. Rf1 Rcg8 29. Rff2 h5 30. h3 R4g6 31. Rbe2 Rd8 32. Kc3 Rf8 33. Nd2 Rfg8 34. Nf3 Kd6 35. Ne1 Rg3+ 36. Nd3 h4 37.
Kc2 f3 38. gxf3 Rxh3 39. Rxe6+ Kxe6 40. Nf4+ Kd6 41. Nxh3 Rg3 42. Nf4 h3 43. Ne2 Rg2 44.
Rxg2 hxg2 45. Kd2 Nf6 46. Ke1 b5 47. cxb5 axb5 48. axb5 Nd5 49. Kf2 Nc7 50. b6 Nd5 51. Kxg2 Nxb6 52. Kg3 Ke6 53. Kf4 Nc4 54. Ke4 Nd6+ 55.
Kd3 Kd5 56. Ng3 Nb5 57. Ne2 Nd6 58. f4 Nf5 59. Nc3+ Kd6 60. Ke4 Ke6 61. d5+ Kf6 62. Ne2 Nd6+ 63. Kf3 Kf5 64. Nc3 Nc4 65. Ne4 Nb6 66.
d6 Ke6 67. Kg4 Nd5 68. f5+ Kd7 69. Kg5 Nb6 1-0

[Event "Early-Titled-Tuesday-Blitz-March-26-2024"]
[Site "Chess.com"]
[Date "2024.03.26"]
[Round "4"]
[White "PavelShkapenko"]
[Black "KanalSzachowy"]
[Result "1-0"]
[WhiteElo "2766"]
[BlackElo "2439"]
[TimeControl "180+1"]
[EndTime "8:38:43 PDT"]
[Termination "PavelShkapenko won on time"]

1. e4 c5 2. Nc3 a6 3. g3 b5 4. Bg2 Bb7 5. d3 e6 6. Nh3 Nf6 7. O-O d6 8. f4 Nbd7 9. Qe2 h5 10.
f5 e5 11. Nd5 Bxd5 12. exd5 Qb6 13. c4 Ng4 14. Ng5 Be7 15. Ne6 fxe6 16. dxe6 Rd8 17.
exd7+ Rxd7 18. h3 Nf6 19. Bg5 bxc4 20. dxc4 Qb4 21. b3 Rc7 22. Rad1 Qc3 23. Rd3 Qa5 24. Rfd1 Qb6 25. Bxf6 gxf6 26. Bd5 h4 27. gxh4 Rxh4 28. Rg3 Rh8 29. Qg2 Bf8 30. Be6 Rch7 31. Qa8+ Qd8 32.
Qc6+ Ke7 33. Rdd3 Bh6 34. Kg2 Bf4 35. Rg4 Rxh3 36. Rxh3 Rxh3 37. Kxh3 Qh8+ 38. Rh4 Qg7 39. Qb7+ Kf8 40. Qxg7+ Kxg7 41. Rg4+ Kh6 42. Kg2 Bg5 43.
Kf3 e4+ 44. Kxe4 Kh5 45. Rg1 Bd2 46. Kd5 Bf4 47. Rg6 Be5 48. a3 a5 49. Kc6 1-0

[Event "Early-Titled-Tuesday-Blitz-March-26-2024"]
[Site "Chess.com"]
[Date "2024.03.26"]
[Round "4"]
[White "Tolya2"]
[Black "Tol_Tol"]
[Result "0-1"]
[WhiteElo "2490"]
[BlackElo "2353"]
[TimeControl "180+1"]
[EndTime "8:38:43 PDT"]
[Termination "Tol_Tol won by checkmate"]

1. Nf3 Nf6 2. c4 g6 3. Nc3 Bg7 4. e4 d6 5. d4 O-O 6. Be2 e5 7. dxe5 dxe5 8. Qxd8 Rxd8 9. Bg5 Re8 10. O-O-O c6 11.
Nxe5 Rxe5 12. Rd8+ Re8 13. Bxf6 Rxd8 14. Bxd8 Na6 15. Be7 Be6 16. Kc2 Re8 17. Bd6 f5 18. f3 Bxc3 19. Kxc3 fxe4 20. fxe4 c5 21. e5 b6 22. Rd1 Nb4 23. Bf3 Nxa2+ 24. Kb3 Nb4 25. Ra1 a5 26. Rd1 b5 27. Bxc5 Bxc4+ 28. Kc3 Rc8 29.
Bxb4 Be2+ 30. Kd4 Bxd1 31. Bd5+ Kg7 32. Bxa5 Be2 33. Bc3 Bc4 34. Be4 Kf7 35. g4 Ke6 36. Ke3 Bd5 37. Bd3 Rb8 38. b4 Bc4 39. Be4 Rc8 40.
h4 Bd5 41. Bxd5+ Kxd5 42. Be1 Rc4 43. g5 Kxe5 44. Kd3 Kf5 45. Bf2 Kg4 46. Be1 Kh5 47. Bf2 Rxh4 48. Bc5 Kxg5 49. Be7+ Kg4 50. Ke3 Rh3+ 51.
Kf2 Rc3 52. Bf6 Rc4 53. Be7 h5 54. Bd6 h4 55. Kg2 Rc2+ 56. Kf1 Kf3 57. Ke1 g5 58. Kd1 Rg2 59. Ke1 h3 60. Bc7 g4 61. Bd6 g3 62.
Kf1 h2 63. Bxg3 Kxg3 64. Ke1 h1=Q# 0-1

[Event "Early-Titled-Tuesday-Blitz-March-26-2024"]
[Site "Chess.com"]
[Date "2024.03.26"]
[Round "4"]
[White "manitodeplomo"]
[Black "ChainedDowntohell"]
[Result "1-0"]
[WhiteElo "2674"]
[BlackElo "2502"]
[TimeControl "180+1"]
[EndTime "8:38:45 PDT"]
[Termination "manitodeplomo won on time"]

1. d4 e6 2. c4 Bb4+ 3. Bd2 a5 4. Qc2 f5 5. Nc3 Nf6 6. e3 b6 7. Nge2 Bb7 8. a3 Be7 9. f3 O-O 10. Nf4 Qe8 11. h4 Bd6 12. O-O-O Nc6 13. Nd3 Nh5 14. c5 bxc5 15. Nxc5 Bxc5 16. dxc5 Qe7 17. Nb5 Rfc8 18. Bc4 Ne5 19. Nd4 Nxc4 20. Qxc4 Kh8 21. Rhe1 Ng3 22.
e4 fxe4 23. Bf4 Qxh4 24. Bxg3 Qxg3 25. fxe4 d5 26. Qc2 dxe4 27. Nxe6 Qe5 28. Nd4 Re8 29.
c6 Ba6 30. Qc3 a4 31. Nc2 Qg5+ 32. Qe3 Qxg2 33. Rg1 Qf3 34. Qd4 Qf6 35. Qxf6 gxf6 36. Rd7 Rg8 37. Rxg8+ Rxg8 38. Rxc7 f5 39. Ra7 Bd3 40.
Nb4 Bb5 41. c7 Bd7 42. Rb7 f4 43. Rb8 f3 44. Kd2 h5 45. Rd8 Bc8 46. Nd5 h4 47. Rxg8+ Kxg8 48. Ne7+ Kg7 49. Nxc8 1-0

[Event "Early-Titled-Tuesday-Blitz-March-26-2024"]
[Site "Chess.com"]
[Date "2024.03.26"]
[Round "4"]
[White "ajedrezsinlimites"]
[Black "Chessmissile07"]
[Result "1/2-1/2"]
[WhiteElo "2638"]
[BlackElo "2918"]
[TimeControl "180+1"]
[EndTime "8:38:46 PDT"]
[Termination "Game drawn - insufficient material"]

1. e4 a6 2. d4 e6 3. Nc3 d5 4. g3 Bb4 5. Bg2 dxe4 6. Bxe4 Nf6 7. Bg2 c5 8. Ne2 Nc6 9. Be3 Nd5 10. O-O Nxe3 11. fxe3 cxd4 12. exd4 O-O 13. Ne4 Bd7 14. c3 Be7 15. Qd2 Rc8 16. Rad1 Qa5 17. a3 Qb6 18. Kh1 Na5 19. Rb1 Nc4 20. Qc1 Bc6 21. b4 h6 22. h3 f5 23. Nc5 Bg5 24. Nf4 Bxg2+ 25. Kxg2 e5 26. dxe5 Nxe5 27. h4 Qc6+ 28. Kh3 Bxf4 29. Qxf4 Ng6 30. Qf3 Qxf3 31. Rxf3 Ne5 32.
Re3 Nc4 33. Re7 Nxa3 34. Rd1 Rf7 35. Rxf7 Kxf7 36. Rd7+ Kg8 37. Rxb7 Nb5 38. Nxa6 Nxc3 39. Nc7 Rd8 40. Ne6 Rd3 41. Rxg7+ Kh8 42. Rf7 Ne4 43.
Rxf5 Rxg3+ 44. Kh2 Rb3 45. Rf4 Nd6 46. Nc5 Rc3 47.
Ne6 Rb3 48. Kg2 Kh7 49. h5 Kh8 50. Kf2 Rh3 51. Rd4 Nf5 52. Rd5 Ne3 53. Rc5 Ng4+ 54. Kg2 Rb3 55. b5 Nf6 56. Nd4 Rb4 57. Nf5 Nxh5 58.
Nxh6 Nf4+ 59. Kf3 Nd3 60. Rd5 Nf4 61. Rf5 Ne6 62. Re5 Nd4+ 63. Ke3 Rxb5 64. Kxd4 Rxe5 65. Kxe5 1/2-1/2

[Event "Early-Titled-Tuesday-Blitz-March-26-2024"]
[Site "Chess.com"]
[Date "2024.03.26"]
[Round "4"]
[White "Bada_norovsambuu"]
[Black "amanjazu"]
[Result "0-1"]
[WhiteElo "2211"]
[BlackElo "2548"]
[TimeControl "180+1"]
[EndTime "8:38:46 PDT"]
[Termination "amanjazu won on time"]

1. Nf3 f5 2. d4 Nf6 3. c4 g6 4. g3 Bg7 5. Bg2 O-O 6. O-O d6 7.
Nc3 Qe8 8. d5 Na6 9. Nd4 Bd7 10.
a3 c6 11. b4 Rc8 12. Bb2 Nc7 13. Rc1 g5 14. e4 f4 15. Nce2 Ng4 16. Qd2 Qh5 17.
h3 Ne5 18. Kh2 f3 19. Nxf3 Nxf3+ 20. Bxf3 Rxf3 21. Bxg7 Kxg7 22. Ng1 Rff8 23. f4 Bxh3 24. Nxh3 g4 25. Qg2 cxd5 26. cxd5 gxh3 27. Qb2+ Kg8 28. e5 Nxd5 29. Qa2 e6 30. exd6 Rcd8 31. f5 Rxf5 32. Rxf5 Qxf5 33. Qe2 Kh8 34. Rf1 Qg6 35. Qe5+ Kg8 36. d7 Ne7 37. Qc7 Nc6 38. Qd6 Qf7 39. Rd1 Qe7 40. Qd3 e5 41. Qd5+ Kh8 42. Rd2 e4 43.
Rd1 e3 44. Re1 Rxd7 45. Qh5 Rd2+ 0-1

[Event "Early-Titled-Tuesday-Blitz-March-26-2024"]
[Site "Chess.com"]
[Date "2024.03.26"]
[Round "4"]
[White "martabartel"]
[Black "TimGrutter03"]
[Result "0-1"]
[WhiteElo "2213"]
[BlackElo "2564"]
[TimeControl "180+1"]
[EndTime "8:38:47 PDT"]
[Termination "TimGrutter03 won on time"]

1. d4 Nf6 2. c4 e6 3. Nf3 b6 4. a3 Bb7 5. Nc3 d5 6. Bg5 dxc4 7. e3 Be7 8. Bxc4 O-O 9. O-O Nbd7 10. Qe2 Ne4 11.
Nxe4 Bxe4 12. Bf4 Bd6 13. Bg3 Qe7 14. Rfd1 Rfd8 15. Rac1 c5 16. Bxd6 Qxd6 17. dxc5 Qxc5 18. Bxe6 Qe7 19. Bxd7 Rxd7 20. Rxd7 Qxd7 21. Nd4 Rc8 22. Rxc8+ Qxc8 23. h3 Qc1+ 24. Kh2 h6 25. Qg4 Bg6 26. Qe2 Be4 27. Qb5 Kh7 28. Qe2 Qc7+ 29. Kg1 Qc1+ 30. Qf1 Qxb2 31. Qa6 Qc1+ 32. Kh2 Qc7+ 33. Kg1 Qc1+ 34. Kh2 Qe1 35. Qe2 Qa5 36. Qb2 Qe5+ 37. Kg1 Qg5 38. g3 Qh5 39. Kh2 Qd1 40. f3 Bb7 41. e4 Bc8 42. Kg2 Qd3 43. Kf2 Bxh3 44. g4 Qf1+ 45. Kg3 h5 46. gxh5 Bd7 47. Kf4 Qh1 48. Ke3 Qxh5 49. Qb4 Qh6+ 50. Ke2 Qh2+ 51.
Ke3 Qg1+ 52. Ke2 Bc8 0-1

[Event "Early-Titled-Tuesday-Blitz-March-26-2024"]
[Site "Chess.com"]
[Date "2024.03.26"]
[Round "4"]
[White "Marielchessy"]
[Black "verrbaa"]
[Result "1-0"]
[WhiteElo "2379"]
[BlackElo "2485"]
[TimeControl "180+1"]
[EndTime "8:38:47 PDT"]
[Termination "Marielchessy won on time"]

1. e4 c5 2. Nf3 e6 3. d4 cxd4 4. Nxd4 Nc6 5. Nc3 d6 6. Bc4 Nf6 7. Bb3 a6 8. O-O Be7 9. Kh1 O-O 10. f4 Qc7 11. f5 Nxd4 12. Qxd4 b5 13. Bg5 h6 14.
Bh4 e5 15. Qf2 Bb7 16. Bxf6 Bxf6 17. Bd5 b4 18. Bxb7 Qxb7 19. Nd5 Bd8 20. f6 g6 21. Qh4 h5 22. Qg5 Kh7 23. Rf3 Rh8 24. Raf1 Ra7 25. Rh3 Kg8 26. Rb3 a5 27. a3 Qa6 28. Rbf3 bxa3 29.
bxa3 Qb7 30. Rb3 Qd7 31. Rb8 Kh7 32. h3 a4 33. Rfb1 Qc6 34. c3 Qc4 35. R8b7 Rxb7 36. Rxb7 Rf8 37. Qe3 Qf1+ 38. Kh2 Bxf6 39. Qa7 Bg7 40. Qxa4 Bh6 41. Qa7 Bf4+ 42. Nxf4 Qxf4+ 43. Kh1 Qf1+ 44. Kh2 Qf4+ 45. Kh1 Qf1+ 46. Qg1 Qf4 47. Qe1 Kg7 48. a4 Rc8 49. a5 Rc4 50. a6 Rxe4 51. Qb1 Re2 52. a7 Qf2 53. Qg1 1-0

[Event "Early-Titled-Tuesday-Blitz-March-26-2024"]
[Site "Chess.com"]
[Date "2024.03.26"]
[Round "4"]
[White "Matrix3x3a"]
[Black "dretch"]
[Result "0-1"]
[WhiteElo "2606"]
[BlackElo "2875"]
[TimeControl "180+1"]
[EndTime "8:38:49 PDT"]
[Termination "dretch won by resignation"]

1. d4 d5 2. c4 c6 3. Nc3 dxc4 4. e3 b5 5. a4 b4 6. Nb1 Ba6 7.
Nd2 c3 8. bxc3 bxc3 9. Ne4 Bxf1 10. Kxf1 Nf6 11. Nxc3 e6 12. Nge2 Bb4 13. Ba3 a5 14. Qb3 Na6 15. Qc4 Qd6 16. Bxb4 axb4 17. Nb1 O-O 18. Nd2 c5 19. g3 Qc6 20. f3 Rfc8 21.
Kg2 Nd5 22. Nf1 Nb6 23. Qb5 c4 24. Qxc6 Rxc6 25. a5 Nc8 26. Nd2 Nd6 27. Rhc1 Kf8 28. g4 c3 29. Nb3 Nc4 30. Kf2 Nc7 31. Rc2 Nb5 32. Rca2 Ke7 33. Nf4 Nba3 34. Nd3 Rb8 35. Ke2 Rb5 36. h4 h6 37. h5 f6 38. f4 Ra6 39.
Ndc5 Ra7 40. a6 e5 41. Kd3 exf4 42. exf4 Kf7 43. Re1 Nb2+ 44. Ke2 Rb8 45. Kf3 Rd8 46. Re2 Nb5 47. Ke3 Re7+ 48. Kf3 Ra7 49. Ke3 Nc4+ 50.
Kf3 Nxd4+ 51. Nxd4 Rxd4 52. Re4 Nd2+ 53. Ke3 Nxe4 54.
Kxd4 Nxc5 55. Kxc5 b3 56. Ra3 b2 57. Rxc3 b1=Q 0-1

[Event "Early-Titled-Tuesday-Blitz-March-26-2024"]
[Site "Chess.com"]
[Date "2024.03.26"]
[Round "4"]
[White "gummigisla"]
[Black "LeRoidesChampions"]
[Result "0-1"]
[WhiteElo "2434"]
[BlackElo "2687"]
[TimeControl "180+1"]
[EndTime "8:38:49 PDT"]
[Termination "LeRoidesChampions won by checkmate"]

1. d4 Nf6 2. Nf3 g6 3. g3 Bg7 4. Bg2 O-O 5. O-O d6 6. c4 c6 7.
Nc3 Bf5 8. Re1 Ne4 9. Qb3 Nxc3 10. bxc3 Qc8 11. e4 Bg4 12. Bg5 Re8 13. Rab1 b6 14. e5 Qf5 15. Bf4 Bxf3 16. Bxf3 dxe5 17. Be4 Qh3 18.
Bxe5 Bxe5 19. dxe5 Qe6 20. c5 Rc8 21. cxb6 axb6 22.
Qxe6 fxe6 23. Rxb6 Rxa2 24. Rd1 Kf7 25. Kf1 Ra7 26.
f4 Rac7 27. Rd3 Nd7 28. Rxc6 Rxc6 29. Bxc6 Rxc6 30. Rxd7 Rxc3 31. Kg2 h5 32. h4 Rc2+ 33. Kf3 Rc3+ 34. Kf2 Ke8 35. Ra7 Kd8 36. Ra8+ Kd7 37. Rg8 Kc6 38. Rxg6 Kd5 39. Rg5 Ke4 40. f5 exf5 41.
Rxh5 Rc2+ 42. Kf1 e6 43. Rg5 Kf3 44. Ke1 Re2+ 45. Kd1 Rxe5 46. h5 Re2 47. h6 Rh2 48.
Rg6 e5 49. Ke1 e4 50. Kd1 e3 51. Ke1 Rh1# 0-1

[Event "Early-Titled-Tuesday-Blitz-March-26-2024"]
[Site "Chess.com"]
[Date "2024.03.26"]
[Round "4"]
[White "Massakru"]
[Black "igorknyazev"]
[Result "0-1"]
[WhiteElo "2350"]
[BlackElo "2246"]
[TimeControl "180+1"]
[EndTime "8:38:49 PDT"]
[Termination "igorknyazev won by resignation"]

1. e4 e5 2. Nf3 Nf6 3. Nxe5 Nxe4 4. Qe2 Qe7 5. Qxe4 d6 6. d4 dxe5 7. dxe5 Nc6 8. Bb5 Bd7 9. O-O O-O-O 10. Nc3 Nxe5 11.
Bf4 Ng6 12. Qa4 a6 13. Be3 Bxb5 14. Nxb5 Qb4 15. Na7+ Kb8 16. Qxb4 Bxb4 17. Rad1 Ba5 18. Bd4 f6 19. c4 Bb6 20. Nc6+ bxc6 21. c5 Ba7 22. b4 Nf4 23. Rfe1 Rhe8 24. Rxe8 Rxe8 25.
Be3 Ne2+ 26. Kf1 Nc3 27. Rd7 Nxa2 28. Bf4 g5 29. Bxc7+ Kc8 30. Rxh7 Nxb4 31. Ba5 Bxc5 32. g3 Nd5 33. h4 gxh4 34. gxh4 f5 35. h5 Re6 36. h6 Bd4 37. Rf7 Rxh6 38. Rxf5 Ne7 39. Rf7 Re6 40. Bb4 c5 41. Ba5 c4 42. Rf4 Nc6 43.
Be1 c3 44. Rf3 c2 45. Bd2 Re5 46. Rd3 Rc5 47. Bc1 a5 48. Ra3 Nb4 49. Ke2 Nd5 50. Kd3 Bxf2 51. Ra2 Nb4+ 52. Ke2 Nxa2 0-1

[Event "Early-Titled-Tuesday-Blitz-March-26-2024"]
[Site "Chess.com"]
[Date "2024.03.26"]
[Round "4"]
[White "Masterisback04"]
[Black "ajeale2"]
[Result "1-0"]
[WhiteElo "2005"]
[BlackElo "2432"]
[TimeControl "180+1"]
[EndTime "8:38:51 PDT"]
[Termination "Masterisback04 won by resignation"]

1. e4 e6 2. d4 d5 3. Nd2 c5 4.
Ngf3 cxd4 5. Nxd4 Nc6 6. Bb5 Bd7 7. N4b3 Qb6 8. a4 Nf6 9. exd5 exd5 10. Qe2+ Be6 11.
a5 Qc7 12. a6 Be7 13. axb7 Rb8 14. Nd4 Bd7 15. Nxc6 Bxc6 16. Bxc6+ Qxc6 17. O-O Rxb7 18. Nb3 O-O 19. Na5 Qb5 20. c4 dxc4 21. Nxb7 Qxb7 22.
Qxc4 Rc8 23. Qa4 Bc5 24. Be3 Bd6 25. Rac1 Ra8 26. Qc6 Qe7 27. Bg5 Rd8 28. Bxf6 Qxf6 29. g3 Qxb2 30. Rfd1 h6 31. Rc2 Qf6 32. Rcd2 Be7 33.
Rxd8+ Bxd8 34. Qe8+ Kh7 35. Qxd8 Qc3 36. Qd3+ Qxd3 37. Rxd3 Kg6 38. Ra3 Kf5 39. Ra6 f6 40.
Rxa7 g5 41. Ra4 Kg6 42. Kg2 h5 43. f3 Kf5 44. h3 Kg6 45. g4 h4 46. f4 Kf7 47.
Kf3 Kg6 48. Ra5 Kh6 49. fxg5+ fxg5 50. Ra6+ Kh7 51. Ke4 Kg7 52. Kf5 Kf7 53. Ra7+ Ke8 54. Kxg5 Kd8 55. Kf6 Kc8 56. g5 Kb8 57. Rf7 Kc8 58.
g6 Kd8 59. g7 1-0

[Event "Early-Titled-Tuesday-Blitz-March-26-2024"]
[Site "Chess.com"]
[Date "2024.03.26"]
[Round "4"]
[White "Angry_Twin"]
[Black "arenal72"]
[Result "1-0"]
[WhiteElo "2908"]
[BlackElo "2615"]
[TimeControl "180+1"]
[EndTime "8:38:52 PDT"]
[Termination "Angry_Twin won on time"]

1. e4 Nc6 2. d4 d5 3. e5 Bf5 4. Nf3 Qd7 5. Be2 f6 6. O-O O-O-O 7. c3 g5 8. b4 h5 9. a4 g4 10.
Nh4 fxe5 11. b5 Na5 12. dxe5 Bg7 13. Bf4 Nh6 14. Re1 Rhf8 15. Nd2 Bc2 16. Qxc2 Rxf4 17. Qg6 e6 18. Qxh5 Rdf8 19. Ng6 R8f5 20. Qh4 Rxf2 21.
Ne7+ Kb8 22. Nxf5 Rxf5 23. Bxg4 Nxg4 24. Qxg4 b6 25. Rad1 Bxe5 26. c4 Qh7 27. Nf3 Nxc4 28. h3 Kb7 29. Re2 Bd6 30. Rxe6 Bc5+ 31. Nd4 Qf7 32.
Qg6 Qxg6 33. Rxg6 Rf4 34. Rg4 Rxg4 35. hxg4 Ne3 36. Rd2 Nxg4 37. Kf1 Ne3+ 38. Ke2 Nxg2 39. Ne6 Bd6 40. Kf3 Nh4+ 41. Kg4 Ng6 42. Rxd5 Ne5+ 43.
Kf5 Nd7 44. Nd8+ Kc8 45. Nc6 Kb7 46. Rd4 a6 47. Rg4 axb5 48. axb5 Nb8 49. Nd8+ Kc8 50. Rg8 1-0

[Event "Early-Titled-Tuesday-Blitz-March-26-2024"]
[Site "Chess.com"]
[Date "2024.03.26"]
[Round "4"]
[White "Iball95"]
[Black "chucksterf10"]
[Result "1-0"]
[WhiteElo "2875"]
[BlackElo "2597"]
[TimeControl "180+1"]
[EndTime "8:38:53 PDT"]
[Termination "Iball95 won by resignation"]

1. e4 e5 2. Nf3 Nc6 3. Nc3 Nf6 4. Bb5 Nd4 5. Nxd4 exd4 6. e5 dxc3 7. exf6 Qxf6 8.
dxc3 Qe5+ 9. Be2 Be7 10. O-O O-O 11. Re1 Qf6 12. Bd3 g6 13. Be3 c5 14. Qe2 d6 15.
Bxc5 dxc5 16. Qxe7 Qxe7 17. Rxe7 Rb8 18. Rc7 Be6 19. Rxc5 Rbc8 20. Rxc8 Rxc8 21. a4 Kf8 22. f4 Ke7 23. Kf2 Kd6 24. Re1 Rc5 25. Re4 b6 26. Rd4+ Kc7 27. g3 Rh5 28. h4 Ra5 29. Bb5 a6 30. b4 axb5 31. bxa5 bxa5 32. axb5 Kb6 33. c4 Kc5 34. Ke3 a4 35. Kd3 a3 36. Kc3 a2 37. Rd1 Bxc4 38. b6 Bd5 39. Kb2 Be4 40.
Re1 Bd5 41. b7 Bxb7 42. Kxa2 Kd4 43. Kb2 h5 44. Re7 Bd5 45. c3+ Kd3 46. Rd7 Ke4 47. Rxd5 Kxd5 48. Kb3 Ke4 49. c4 Kf3 50. c5 Kxg3 51.
c6 Kxh4 52. c7 Kg3 53. c8=Q h4 54. Qc3+ Kg2 55. Qd2+ Kg3 56. Qe3+ Kg2 57. Qe4+ Kg3 58. f5 g5 59. Qe3+ Kg4 60. f6 h3 61. Qe4+ Kg3 62. Qd3+ Kh4 63. Qh7+ Kg3 64. Qxf7 h2 65. Qd5 g4 66. f7 h1=Q 67. Qxh1 1-0